 Dungeon Crawl Stone Soup version 0.28-a0-2-g643f2454ad (webtiles) character file.

Game seed: 4273346721212884438

142 Wyvernaa the Sneak (level 5, 0/41 HPs)
             Began as a Human Delver on July 22, 2021.
             Slain by an orc (6 damage)
             ... on level 3 of the Dungeon.
             The game lasted 00:07:57 (3595 turns).

Wyvernaa the Sneak (Human Delver)                   Turns: 3595, Time: 00:07:58

Health: 0/41       AC:  5    Str: 14    XL:     5   Next: 50%
Magic:  5/5        EV: 12    Int: 10    God:
Gold:   138        SH:  0    Dex: 14    Spells: 4/4 levels left

rFire   . . .      SeeInvis .   a - +1 mace
rCold   . . .      Faith    .   (no shield)
rNeg    . . .      Spirit   .   b - +1 leather armour
rPois   .          Reflect  .   (no helmet)
rElec   .          Harm     .   i - +0 cloak
rCorr   .          Rampage  .   (no gloves)
Will    .....                   (no boots)
Stlth   +++.......              (no amulet)
HPRegen 0.13/turn               (no ring)
MPRegen 0.09/turn               (no ring)

@: about to teleport
A: no striking features
a: no special abilities


You were on level 3 of the Dungeon.
You visited 1 branch of the dungeon, and saw 5 of its levels.

You collected 138 gold pieces.

Inventory:

Hand Weapons
 a - a +1 mace (weapon)
Armour
 b - a +1 leather armour (worn)
 i - a +0 cloak (worn)
Wands
 g - a wand of digging (3)
Scrolls
 l - a scroll of silence {unknown}
Potions
 d - a potion of flight
 e - a potion of lignification {unknown}
 f - a potion of haste
 h - a potion of heal wounds {unknown}
 k - 5 potions of curing
 m - 2 potions of degeneration {unknown}


   Skills:
 + Level 3.4 Fighting
 * Level 3.3 Maces & Flails
 + Level 1.4 Armour
 + Level 2.3 Dodging
 + Level 5.9 Stealth


You had 4 spell levels left.
You didn't know any spells.
Your spell library was empty.

Dungeon Overview and Level Annotations

Branches:
Dungeon (5/15)
 Temple: D:4-7

Altars:

Shops:
D:1 (   D:2 (   D:5 *


Message History

You hit the orc.
The orc is heavily wounded.
The orc closely misses you.
You thump the orc!
You kill the orc!
You hit the orc.
The orc is heavily wounded.
The orc hits you with a +0 hand axe. The orc barely misses you.
As you read the scroll of fog, it crumbles to dust.
The scroll dissolves into smoke.
The orc hits you with a +0 hand axe. The orc hits you with a +0 mace.
You closely miss the orc.
The orc is heavily wounded.
The orc hits you but does no damage. The orc closely misses you.
The orc barely misses you.
You hit the orc.
You kill the orc!
The orc barely misses you.
The orc priest invokes the aid of Beogh against you.
Pain shoots through your body! The orc priest completely misses you.
Items here: ))) [ ††.
Unknown command.
You hit the orc priest but do no damage.
The orc hits you with a +0 mace.
The orc priest invokes the aid of Beogh against you.
Beogh smites you!
* * * LOW HITPOINT WARNING * * *
The orc barely misses you.
You hear a shout! x2
It was a potion of curing.
You feel better.
You hear a shout!
The orc priest hits you with a +0 club.
* * * LOW HITPOINT WARNING * * *
The orc hits you with a +0 mace.
* * * LOW HITPOINT WARNING * * *
As you read the scroll of teleportation, it crumbles to dust.
You feel strangely unstable. The orc priest misses you.
The orc hits you with a +0 mace.
You die...

#.##.###.#..#.# **#...#**,#...
#.##.....#..#.# *...........#.
#
#...........#.####.#...###.*.#.
###.##.####....>.........#
*,*,#.
.....................#..##
*,*,#.
##...######.#...##.#.#,,*
*,*,##
##...######..§§§..§§.#,,*
*,*,*#
##....[.....#.§§##§#.#,,*
*,*,*#
.....######...§o@o§§.#,,* *,*,*
###.## #.##§#####.#,,* *,*,*
#.#######.##...,,,,,,,****,*,*
#..........#o###**,*,,,,,,,,,*
##.######..#.#****,*******,***
#.#######.#..,,,*,*******,****
#............,,,,,,,,,,,,,**,,
#.###.###..#.**,,,*******,****
#.....#**...,#***** *,,,,*


You could see an orc priest and an orc.

Vanquished Creatures
  A hound (D:5)
  An iguana (D:2)
  2 adders
  2 dart slugs
  6 orcs
  3 ball pythons
  A bat (D:3)
  4 endoplasms
  A giant cockroach (D:2)
  7 goblins
  6 hobgoblins
  6 jackals
  3 quokkas
  4 frilled lizards
  5 kobolds
  5 rats
  A spectral goblin (D:2)
58 creatures vanquished.

Notes
Turn   | Place    | Note
-------+----------+-------------------------------------------
     0 | D:5      | Wyvernaa the Human Delver began the quest for the Orb.
     0 | D:5      | Reached XP level 1. HP: 18/18 MP: 1/1
    12 | D:5      | Found Dat Cab's Assorted Antiques.
    13 | D:5      | Noticed a hound
    25 | D:5      | Killed a hound
    26 | D:5      | Reached XP level 2. HP: 2/24 MP: 2/2
    26 | D:5      | Reached XP level 3. HP: 2/29 MP: 3/3
  1272 | D:2      | Reached XP level 4. HP: 26/35 MP: 4/4
  1556 | D:1      | Found Jyas's Weapon Boutique.
  1656 | D:1      | Reached skill level 1 in Armour
  2460 | D:2      | Reached XP level 5. HP: 23/41 MP: 5/5
  2660 | D:2      | Found a faded altar of an unknown god.
  2837 | D:2      | Found Ywyukent's Antique Weapon Boutique.
  3491 | D:3      | Noticed an orc warrior
  3595 | D:3      | Slain by an orc

Illustrated notes

Levels and vault maps discovered:
D:1:      dpeg_arrival_pits, layout_loops_ring, serial_shops, shop
D:2:      layout_basic, dreamdust_ecumenical_altar_drowned_temple, serial_shops,
          shop
D:3:      layout_basic, minmay_cupped
D:4:      layout_loops_corners, lemuel_temple_firewalk_b, serial_shops,
          nicolae_shop_stone, serial_bayou_lagoon_a, nicolae_specific_store
D:5:      layout_loops_ring, serial_shops, shop, dk_vineyard_2,
          nicolae_stop_n_shop_1, abandoned_shop

Skill      XL: |  1  2  3  4 |
---------------+-------------+-----
Armour         | 1 |  1.4
Maces & Flails | 3 |  3.3
Fighting       | |  3.4
Dodging        | |  2.3
Stealth        | |  5.9

Action                   |  1- 3 |  4- 6 || total
-------------------------+-------+-------++-------
Melee: Mace              |    58 |   150 ||   208
  Use: Scroll            |     4 |     6 ||    10
       Potion            |       |     2 ||     2
 Stab: Sleeping          |       |    12 ||    12
       Distracted        |       |     1 ||     1
Armor: Leather armour    |    18 |    39 ||    57
Dodge: Dodged            |    51 |   105 ||   156

Table legend: (Time is in decaauts)
 A = Elapsed time spent in this place.
 B = Non-inter-level travel time spent in this place.
 C = Inter-level travel time spent in this place.
 D = Time resting spent in this place.
 E = Time spent auto-exploring this place.
 F = Levels seen in this place.
 G = Mean time per level.
                   A        B        C        D        E       F      G
               +--------+--------+--------+--------+--------+-----+--------+
         Total |   3657 |   3612 |     45 |    997 |   1559 |   5 |  731.4 |
       Dungeon |   3657 |   3612 |     45 |    997 |   1559 |   5 |  731.4 |
               +--------+--------+--------+--------+--------+-----+--------+

Top non-repeatable levels by time:
     D:2: 1522 daAuts
     D:1: 719 daAuts
     D:3: 606 daAuts
     D:4: 473 daAuts
     D:5: 336 daAuts
